 Dungeon Crawl Stone Soup version 0.22-a0-803-gd6d8abe (webtiles) character file.

1435 Gildeon the Sneak (level 8, -3/41 HPs)
             Began as a Gargoyle Earth Elementalist on July 22, 2018.
             Was an Initiate of Sif Muna.
             Killed by divine providence
             ... invoked by an orc priest
              (8 damage)
             ... on level 5 of the Dungeon.
             The game lasted 00:23:00 (5646 turns).

Gildeon the Sneak (Gargoyle Earth Elementalist)     Turns: 5646, Time: 00:23:01

Health: -3/41      AC: 11    Str: 12    XL:     8   Next: 73%
Magic:  0/15       EV: 12    Int: 18    God:    Sif Muna [......]
Gold:   158        SH:  0    Dex: 10    Spells: 2/17 levels left

rFire    . . .     SeeInvis .   n - +0 mace (drain)
rCold    . . .     Gourm    .   (no shield)
rNeg     + . .     Faith    .   c - +0 robe
rPois    ∞         Spirit   +   (no helmet)
rElec    +         Reflect  .   o - +0 cloak
rCorr    .         Harm     .   (no gloves)
MR       .....                  m - +1 pair of boots
Stlth    +++.......             i - amulet of guardian spirit
HPRegen  0.13/turn              (no ring)
MPRegen  0.14/turn              (no ring)

@: no status effects
A: negative energy resistance 1, electricity resistance, unbreathing,
petrification resistance, rot immunity, AC +5
a: Renounce Religion


You were on level 5 of the Dungeon.
You worshipped Sif Muna.
Sif Muna was noncommittal.
You were not hungry.

You visited 2 branches of the dungeon, and saw 6 of its levels.
You also visited: Sewer.

You collected 158 gold pieces.

Inventory:

Hand Weapons
 n - a +0 mace of draining (weapon)
Missiles
 b - 58 stones (quivered)
 h - 2 throwing nets
Armour
 c - a +0 robe (worn)
 m - a +1 pair of boots (worn)
 o - a +0 cloak (worn)
Jewellery
 e - an uncursed amulet of the acrobat {unknown}
 i - an amulet of guardian spirit (around neck)
Wands
 q - a wand of flame (10)
 s - a wand of random effects (34)
Scrolls
 p - 2 scrolls of remove curse
 u - a scroll of teleportation {unknown}
 v - a scroll of blinking {unknown}
 x - a scroll of fear {unknown}
Potions
 a - 3 potions of brilliance
 g - 4 potions of lignification {unknown}
 j - a potion of curing {unknown}
 k - 3 potions of heal wounds
 l - a potion of agility {unknown}
 r - a potion of haste {unknown}
 t - 4 potions of flight {unknown}
Comestibles
 d - 5 rations
 f - a chunk of flesh


   Skills:
 + Level 4.6 Armour
 - Level 1.5 Dodging
 - Level 5.2 Stealth
 - Level 5.0 Spellcasting
 + Level 3.2 Conjurations
 + Level 4.3 Transmutations
 - Level 5.0 Earth Magic


You had 2 spell levels left.
You knew the following spells:

 Your Spells              Type           Power        Failure   Level  Hunger
a - Sandblast             Erth           ###...       1%          1    None
b - Passwall              Tmut/Erth      ###.....     3%          2    #......
c - Stone Arrow           Conj/Erth      ###...       8%          3    ##.....
d - Petrify               Tmut/Erth      ###.....     19%         4    ####...
e - Lee's Rapid Deconstr  Erth           ###.......   43%         5    ######.

Your spell library contained the following spells:

 Spells                   Type           Power        Failure   Level  Hunger
 Confuse                  Hex            #.......     36%         3    ##.....
 Confusing Touch          Hex            #.....       13%         1    None
 Metabolic Englaciation   Hex/Ice        #.........   98%         5    ######.
 Gell's Gravitas          Tloc           #.........   36%         3    ##.....
 Yara's Violent Unravell  Hex/Tmut       ##........   83%         5    ######.


Dungeon Overview and Level Annotations

Branches:
Dungeon (5/15)             Temple (1/1) D:5

Altars:
Ashenzari
Cheibriados
Dithmenos
Elyvilon
Hepliaklqana
Kikubaaqudgha
Nemelex Xobeh
Okawaru
Qazlal
Sif Muna
Trog
Uskayaw
Vehumet
Yredelemnul
Zin

Shops:
D:5 [

Annotations:
D:3 exclusion: ice beast
D:5 exclusion: orc warrior


Innate Abilities, Weirdness & Mutations

You are resistant to torment.
Your stone body is resilient. (AC +5)
You are immune to poison.
You resist negative energy. (rN+)
You are resistant to electric shocks. (rElec)
You can survive without breathing.
You are immune to petrification.
You are immune to rotting.


Message History

The orc priest is lightly wounded.
The orc priest hits you with a hand axe.
* * * LOW HITPOINT WARNING * * *
You hit the orc priest.
The orc priest is moderately wounded.
The orc priest looks satisfied for a moment.
The orc priest invokes the aid of Beogh against you.
Beogh smites you!
* * * LOW HITPOINT WARNING * * *
You hit the orc priest but do no damage.
The orc priest is moderately wounded.
The orc priest closely misses you.
You barely miss the orc priest.
The orc priest is moderately wounded.
The orc priest barely misses you.
You hit the orc priest. You drain the orc priest!
The orc priest is heavily wounded.
The orc priest invokes the aid of Beogh against you.
Beogh smites you!
You die...

..####.###..#.## #.#.#
............#.# #.#.#
.....##.#####.# #.#.# .###.##.#
#.# #<#.# ,* #,#.∩## #.#
#.#.##### ,* *,#...# #.#
#.#.#...# ,**#.#...####.#
*######.#......
,,.#.......##.#####........).....
...............o@..........).....
*#.#.........##############......
#....#.......# ##.....
..#..#...##.## ##...#
*...#######.#***************#.###
*#.***,,,,...,,,,,,,,,,,,,,...#
*,* *,**##.##*****,,*****#####
*,* *,* #.# *,,** *,* *,*
*,*******,,,**


You could see an orc priest.

Vanquished Creatures
  A water moccasin (D:5)
  3 ogres
  An ice beast (D:5)
  2 centaurs (D:5)
  Blork the orc (D:5)
  2 scorpions (D:4)
  A howler monkey (D:4)
  A centaur zombie (D:5)
  A bullfrog zombie (D:5)
  A hound (D:4)
  2 orc priests
  2 orc wizards (D:4)
  A centaur skeleton (D:4)
  Ijyb (D:4)
  Natasha (D:2)
  3 worker ants (D:4)
  A hound skeleton (D:5)
  A river rat (D:5)
  7 adders
  A shadow imp (D:5)
  2 oozes
  6 worms
  4 dart slugs
  11 leopard geckos
  22 orcs
  3 ball pythons
  12 giant cockroaches
  4 hobgoblins
  11 jackals
  2 quokkas
  12 bats
  4 frilled lizards
  4 goblins
  4 kobolds
  A leopard gecko skeleton (D:5)
  A quokka skeleton (D:5)
  7 rats
144 creatures vanquished.

Notes
Turn   | Place    | Note
-------+----------+-------------------------------------------
     0 | D:1      | Gildeon the Gargoyle Earth Elementalist began the quest for the Orb.
     0 | D:1      | Reached XP level 1. HP: 10/10 MP: 3/3
   311 | D:1      | Reached XP level 2. HP: 15/15 MP: 3/5
   487 | D:1      | Learned a level 2 spell: Passwall
   906 | D:1      | Reached XP level 3. HP: 15/19 MP: 2/6
   967 | D:1      | Learned a level 3 spell: Stone Arrow
  1272 | D:2      | Reached XP level 4. HP: 23/24 MP: 6/8
  1438 | D:2      | Noticed Natasha
  1443 | D:2      | Killed Natasha
  1873 | D:3      | Reached XP level 5. HP: 28/28 MP: 7/9
  1879 | D:3      | Learned a level 4 spell: Petrify
  2154 | D:3      | Noticed an ice beast
  2248 | D:3      | Reached skill level 5 in Earth Magic
  2622 | D:3      | Reached skill level 1 in Transmutations
  2969 | D:4      | Reached XP level 6. HP: 31/32 MP: 7/11
  3070 | D:4      | Noticed Ijyb
  3082 | D:4      | Killed Ijyb
  3084 | D:4      | Reached skill level 5 in Stealth
  3084 | D:4      | Reached XP level 7. HP: 11/36 MP: 0/13
  3423 | D:4      | Reached skill level 1 in Armour
  4074 | D:5      | Entered Level 5 of the Dungeon
  4074 | D:5      | Found Pucha's Antique Armour Shoppe.
  4074 | D:5      | Found a staircase to the Ecumenical Temple.
  4089 | D:5      | Reached skill level 5 in Spellcasting
  4089 | D:5      | Reached XP level 8. HP: 33/41 MP: 2/15
  4096 | D:5      | Learned a level 5 spell: Lee's Rapid Deconstruction
  4107 | Temple   | Entered the Ecumenical Temple
  4122 | Temple   | Became a worshipper of Sif Muna the Loreminder
  4315 | D:5      | Reached skill level 1 in Conjurations
  4400 | D:5      | Found a glowing drain.
  4420 | Sewer    | Entered a sewer
  5108 | D:5      | Noticed Blork the orc
  5134 | D:5      | Killed Blork the orc
  5416 | D:5      | Reached * piety under Sif Muna
  5646 | D:5      | Killed from afar by an orc priest

Vault maps used:
D:1:      saegor_arrival_simple_d, serial_park_tiny_2, roderic_lattice_a
D:2:      uniq_natasha
D:3:      minmay_door_path, first_ration
D:4:      serial_bayou_pond_d, minmay_item_behind_shaft, uniq_ijyb
D:5:      kennysheep_mini, minmay_temple_entry_purple_smoke, serial_shops, shop,
          gup_sewer_entry_bubbles, uniq_blork_the_orc
Temple:   regret_index_temple_waves
Sewer:    sewer_fruit_machine

Skill      XL: |  1  2  3  4  5  6  7  8 |
---------------+-------------------------+-----
Earth Magic    | 4 5 |  5.0
Stealth        | 3 4 5 |  5.2
Spellcasting   | 3 4 5 |  5.0
Transmutations | 1 2 3 4 |  4.3
Armour         | 3 4 |  4.6
Conjurations   | 3 |  3.2
Dodging        | |  1.5

Action                   |  1- 3 |  4- 6 |  7- 9 || total
-------------------------+-------+-------+-------++-------
Melee: Club              |    18 |    23 |       ||    41
       Mace              |       |    54 |   280 ||   334
 Cast: Sandblast         |    42 |    48 |    56 ||   146
  Use: Scroll            |     1 |     2 |     2 ||     5
 Stab: Sleeping          |     2 |     7 |     6 ||    15
  Eat: Chunk             |     2 |     5 |     8 ||    15
       Ration            |       |       |     1 ||     1
Armor: Robe              |    12 |    40 |   186 ||   238
Dodge: Dodged            |    24 |    58 |   267 ||   349

Table legend:
 A = Spawn XP
 B = Non-spawn XP
 C = Spawn XP percentage of total XP
 D = Spawn monster count
 E = Non-spawn monster count
 F = Spawn count percentage of total count
 G = Total turns spent on level
                    A         B        C        D         E        F      G
               +---------+---------+-------+---------+---------+-------+---------
         Total |       0 |    2050 |   0.0 |       0 |     144 |   0.0 |  5646
               +---------+---------+-------+---------+---------+-------+---------
           D:1 |       0 |      43 |   0.0 |       0 |      22 |   0.0 |  1048
           D:2 |       0 |     109 |   0.0 |       0 |      18 |   0.0 |   792
           D:3 |       0 |      88 |   0.0 |       0 |      25 |   0.0 |  1060
           D:4 |       0 |     731 |   0.0 |       0 |      34 |   0.0 |  1174
           D:5 |       0 |    1047 |   0.0 |       0 |      30 |   0.0 |  1132
         Sewer |       0 |      32 |   0.0 |       0 |      15 |   0.0 |   327
               +---------+---------+-------+---------+---------+-------+---------
